 Dungeon Crawl Stone Soup version 0.31-a0-844-gdc52ec4e09 (webtiles) character file.

Game seed: 18126356534190758206

113 nebug the Poker (level 4, 0/38 HPs)
             Began as a Minotaur Gladiator on Sept 30, 2023.
             Was an Initiate of Zin.
             Slain by a ball python (1 damage)
             ... on level 4 of the Dungeon.
             The game lasted 00:35:17 (2258 turns).

nebug the Poker (Minotaur Gladiator)                Turns: 2258, Time: 00:35:17

Health: 0/38       AC:  8    Str: 18    XL:     4   Next: 65%
Magic:  3/3        EV:  9    Int:  5    God:    Zin [......]
Gold:   30         SH:  0    Dex: 14    Spells: 1/3 levels left

rFire   . . .        a - +0 trident
rCold   . . .        (no shield)
rNeg    . . .        j - +0 chain mail
rPois   .            (helmet restricted)
rElec   .            (no cloak)
rCorr   .            (no gloves)
SInv    .            (no boots)
Will    .....        (no amulet) Stlth
                     (no ring)
HPRegen 0.26/turn    (no ring)
MPRegen 0.08/turn

%: no passive effects
@: lethally poisoned (0 -> -8)
A: horns 2, retaliatory headbutt
a: Renounce Religion, Donate Gold


You were on level 4 of the Dungeon.
You worshipped Zin.
Zin was noncommittal.
You visited 1 branch of the dungeon, and saw 4 of its levels.

You collected 106 gold pieces.
You donated 76 gold pieces to Zin.

Inventory:

Hand Weapons
 a - a +0 trident (weapon)
 i - a +2 heavy flail
 t - a +2 dagger of venom
Missiles
 d - 3 throwing nets (quivered)
 e - a javelin
 o - 4 atropa-tipped darts
Armour
 b - a +0 leather armour
 c - a +0 hat
 j - a +0 chain mail (worn)
 l - a +0 chain mail
Jewellery
 m - an amulet of faith
Scrolls
 f - 2 scrolls of vulnerability {unknown}
 g - a scroll of teleportation {unknown}
 h - 3 scrolls of fog {unknown}
 k - a scroll of fear {unknown}
 n - a scroll of poison {unknown}
 q - a scroll of enchant weapon {unknown}
Potions
 p - a potion of ambrosia {unknown}
 r - a potion of attraction {unknown}
 s - a potion of magic {unknown}


   Skills:
 + Level 3.2 Fighting
 + Level 5.0 Polearms
 + Level 2.1 Throwing
 + Level 1.5 Armour
 + Level 4.1 Dodging
 + Level 0.1 Stealth


You had one spell level left.
You knew the following spells:

 Your Spells              Type           Power      Damage    Failure   Level
a - Wereblood             Tmut           0%         N/A       100%        2

Your spell library contained the following spells:

 Spells                   Type           Power      Damage    Failure   Level
 Sublimation of Blood     Necr           0%         N/A       100%        2
 Summon Hydra             Summ           0%         N/A       100%        7


Dungeon Overview and Level Annotations

Branches:
Dungeon (4/15)
 Temple: D:4-7

Altars:
Zin


Innate Abilities, Weirdness & Mutations

You have a pair of horns on your head.
You reflexively headbutt those who attack you in melee.


Message History

You hit the phantom but do no damage.
The phantom hits you but does no damage.
You miss the phantom. The phantom hits you.
You closely miss the phantom. The phantom closely misses you.
You closely miss the phantom. You headbutt the phantom.
The phantom is moderately damaged.
The phantom hits you.
You closely miss the phantom.
The phantom is moderately damaged.
The phantom hits you.
The phantom blinks!
You blink.
A kobold and a scorpion come into view.
You closely miss the phantom.
The phantom is moderately damaged.
The kobold shouts!
The phantom hits you.
The phantom blinks!
You blink.
The phantom completely misses you.
A hound comes into view.
The hound barks!
The phantom hits you but does no damage.
The scorpion attacks as it pursues you! The scorpion stings you.
You are poisoned.
The scorpion poisons you! The phantom barely misses you.
You feel very sick. The scorpion attacks as it pursues you!
The scorpion stings you.
You are lethally poisoned!
The scorpion poisons you!
You enter a teleport trap!
The teleport trap disappears.
Your surroundings suddenly seem different.
A ball python comes into view.
Found a stone staircase leading up.
* * * LOW HITPOINT WARNING * * *
You feel very sick.
The ball python hisses angrily.
* * * LOW HITPOINT WARNING * * *
You feel very sick.
* * * LOW HITPOINT WARNING * * *
You feel very sick.
* * * LOW HITPOINT WARNING * * *
You feel sick. The ball python bites you.
You die...

. .. #
...##############
.
.................
. ............# .
.......@....# .
........S...# ..
##...........# ..
...<..........#
..
##..............
..
#..........#....
..
#####.##.......#
.. #. #####.#..
.. ..


You could see a ball python.

Vanquished Creatures
  Terence (D:2)
  An adder (D:2)
  2 dart slugs (D:1)
  3 orcs (D:2)
  6 ball pythons
  8 endoplasms
  2 giant cockroaches
  11 goblins
  5 hobgoblins
  4 jackals (D:1)
  4 kobolds
  5 bats
  5 frilled lizards
  9 rats
66 creatures vanquished.

Notes
Turn   | Place    | Note
-------+----------+-------------------------------------------
     0 | D:1      | nebug the Minotaur Gladiator began the quest for the Orb.
     0 | D:1      | Reached XP level 1. HP: 18/18 MP: 0/0
    26 | D:1      | Found a faded altar of an unknown god.
   165 | D:1      | Reached XP level 2. HP: 25/25 MP: 1/1
   217 | D:1      | Reached skill level 4 in Polearms
   613 | D:2      | Noticed Terence
   623 | D:2      | Reached XP level 3. HP: 30/30 MP: 2/2
   623 | D:2      | Killed Terence
   901 | D:2      | Reached skill level 1 in Armour
   901 | D:2      | Reached XP level 4. HP: 37/38 MP: 3/3
  1167 | D:1      | Learned a level 2 spell: Wereblood
  2056 | D:3      | Reached skill level 5 in Polearms
  2105 | D:3      | Found a glowing silver altar of Zin.
  2143 | D:3      | Became a worshipper of Zin the Law-Giver
  2171 | D:3      | Donated 44 gold pieces to Zin
  2176 | D:3      | Donated 22 gold pieces to Zin
  2233 | D:4      | Noticed a phantom
  2244 | D:4      | Noticed a scorpion
  2258 | D:4      | HP: 1/38 [poisoned by a scorpion]
  2258 | D:4      | Slain by a ball python

Illustrated notes

Levels and vault maps discovered:
D:1:      heliophobic_arrival_ceremonial_halls, layout_loops_corners,
          basic_ecumenical_altar
D:2:      layout_basic, uniq_terence
D:3:      layout_rooms, nicolae_overflow_crystal_walls, zin_treasury,
          mainiacjoe_overflow_alcove_1
D:4:      layout_rooms, lemuel_mausoleum_altar_kikubaaqudgha,
          yredelemnul_forgotten_temple_becter, dreamdust_mushroom_princess

Skill      XL: |  1  2  3  4 |
---------------+-------------+-----
Polearms       | 4 5 |  5.0
Fighting       | 3 |  3.2
Dodging        | 4 |  4.1
Armour         | 1 |  1.5
Throwing       | |  2.1
Stealth        | |  0.1

Action                     |  1- 3 |  4- 6 || total
---------------------------+-------+-------++-------
  Melee: Trident           |    68 |    55 ||   123
         Headbutt          |     7 |    13 ||    20
         Punch             |     1 |       ||     1
 Invoke: Donate Gold       |       |     2 ||     2
 Armour: Leather armour    |    27 |       ||    27
         Chain mail        |    12 |    56 ||    68
  Dodge: Dodged            |    47 |    40 ||    87

Table legend: (Time is in decaauts)
 A = Elapsed time spent in this place.
 B = Non-inter-level travel time spent in this place.
 C = Inter-level travel time spent in this place.
 D = Time resting spent in this place.
 E = Time spent auto-exploring this place.
 F = Levels seen in this place.
 G = Mean time per level.
                   A        B        C        D        E       F      G
               +--------+--------+--------+--------+--------+-----+--------+
         Total |   2268 |   1671 |    597 |      0 |      0 |   4 |  567.0 |
       Dungeon |   2268 |   1671 |    597 |      0 |      0 |   4 |  567.0 |
               +--------+--------+--------+--------+--------+-----+--------+

Top non-repeatable levels by time:
     D:1: 1304 daAuts
     D:2: 681 daAuts
     D:3: 214 daAuts
     D:4: 68 daAuts
